 Dungeon Crawl Stone Soup version bcrawl-1.40.3b (webtiles) character file.

Game seed: 9774578434972604890

155511 rumpelstilzz the Stinger (level 5, 0/33 HPs)
             Began as an Octopode Venom Mage on Mar 7, 2024.
             Slain by a hound skeleton (4 damage)
             ... on level 4 of the Dungeon on Mar 9, 2024.
             The game lasted 00:09:52 (2604 turns).

rumpelstilzz the Stinger (Octopode Venom Mage)      Turns: 2604, Time: 00:09:54

Health: 0/33       AC:  1    Str:  8    XL:     5   Next: 74%
Magic:  9/9        EV: 14    Int: 17    God:
Gold:   227        SH:  0    Dex: 16    Spells: 5/9 levels left

rFire    . . .     GDR:     28% f - +1 dagger (drain)
rCold    . . .     SeeInvis .   (no shield)
rNeg     . . .     Gourm    .   (helmet restricted)
rPois    .         Faith    .   (cloak restricted)
rElec    +         Spirit   .   a - amulet of the acrobat
rCorr    .         Reflect  .   k - ring "Coaleol" {+Fly rElec MR+ Stlth-}
MR       +....                  m - +3 ring of dexterity
Stlth    +++.......             (no ring)
HPRegen  0.15/turn              (no ring)
MPRegen  0.11/turn              (no ring)
                                (no ring)
                                (no ring)
                                (no ring)

@: no status effects
A: almost no armour, stealthy swim, resist paralysis, amphibious, 8 rings,
constrict 8, camouflage 1, gelatinous body 1
a: Evoke Flight


You were on level 4 of the Dungeon.
You were hungry.

You visited 1 branch of the dungeon, and saw 4 of its levels.

You collected 227 gold pieces.

Inventory:

Hand Weapons
 f - a +1 dagger of draining (weapon)
Armour
 q - a +1 hat
Jewellery
 a - an amulet of the acrobat (around mantle)
 k - the ring "Coaleol" (left tentacle) {+Fly rElec MR+ Stlth-}
   (You found it on level 2 of the Dungeon)

   [ring of flight]

   It insulates you from electricity.
   It affects your resistance to hostile enchantments.
   It lets you fly.
   It makes you less stealthy.
 m - a +3 ring of dexterity (right tentacle)
 o - an uncursed ring of see invisible {unknown}
Scrolls
 d - 2 scrolls of fear {unknown}
 h - 2 scrolls of amnesia {unknown}
 i - 3 scrolls of identify
 n - 4 scrolls of teleportation {unknown}
 p - a scroll of remove curse {unknown}
Potions
 b - a potion of berserk rage
 c - a potion of degeneration
 g - 2 potions of heal wounds {unknown}
 j - a potion of ambrosia {unknown}
 l - 2 potions of curing {unknown}
Comestibles
 e - 5 rations {!d}


   Skills:
 * Level 1.4 Fighting
 + Level 1.0 Short Blades
 * Level 2.7 Dodging
 + Level 4.1 Stealth
 + Level 1.0 Unarmed Combat
 * Level 2.7 Spellcasting
 + Level 1.5 Conjurations
 + Level 1.0 Transmutations
 + Level 0.8 Fire Magic
 + Level 4.4 Poison Magic


You had 5 spell levels left.
You knew the following spells:

 Your Spells              Type           Power        Failure   Level  Hunger
a - Sting                 Conj/Pois      ##..         5%          1    None
b - Ignite Poison         Fire/Tmut/Pois #.......     22%         3    ####...

Your spell library contained the following spells:

 Spells                   Type           Power        Failure   Level  Hunger
 Magic Dart               Conj           #...         10%         1    None
 Poisonous Vapours        Pois/Air       #.....       11%         2    ##.....
 Spider Form              Tmut/Pois      ##.          17%         3    ####...
 Mephitic Cloud           Conj/Pois/Air  #.......     24%         3    ####...
 Blink                    Tloc           N/A          26%         2    ##.....
 Call Imp                 Summ           #.....       26%         2    ##.....
 Olgreb's Toxic Radiance  Pois           ###......    28%         4    #####..
 Conjure Flame            Conj/Fire      #.......     32%         3    ####...
 Summon Scorpions         Summ/Pois      #.......     58%         4    #####..
 Venom Bolt               Conj/Pois      ##........   82%         5    #######


Dungeon Overview and Level Annotations

Branches:
Dungeon (4/12)
 Temple: D:4-7

Altars:

Annotations:
D:3 2 transporters, zoran's ghost, amateur OpTm


Innate Abilities, Weirdness & Mutations

You cannot wear most types of armour.
You are very stealthy in the water. (Stealth+)
Your unusual nervous system resists paralysis.
You are amphibious.
You can wear up to eight rings at the same time.
You can use your tentacles to constrict eight enemies at once.
Your skin changes colour to match your surroundings (Stealth+).
Your rubbery body absorbs attacks. (AC +1, EV +1)


Message History

You hit the centaur but do no damage. You drain the centaur.
The centaur is heavily wounded.
The hound skeleton bites you. The bullfrog skeleton misses you.
The centaur barely misses you. The hound skeleton bites you.
* * * LOW HITPOINT WARNING * * *
The bullfrog skeleton hits you.
* * * LOW HITPOINT WARNING * * *
You hit the centaur. You drain the centaur.
The centaur is severely wounded.
The centaur misses you. The hound skeleton barely misses you.
The bullfrog skeleton barely misses you.
You hit the centaur. You squeeze the centaur.
The centaur is severely wounded.
The centaur barely misses you. The hound skeleton bites you.
* * * LOW HITPOINT WARNING * * *
The bullfrog skeleton misses you.
You closely miss the centaur. You squeeze the centaur.
You kill the centaur!
The hound skeleton bites you.
You die...

<.<............
.....................
.....................
.....................
......................
.....................
.....................
.............Z.......
.#####.##.......@)......
...##.##........Z.....?
#.#...................
#.....................
##....................
####....................
........................
........................
.........(...........


You could see a hound skeleton and a bullfrog skeleton.

Vanquished Creatures
  A centaur (D:4)
  A crimson imp (D:3)
  An iguana (D:4)
  2 worker ants (D:3)
  2 adders (D:3)
  An ooze (D:1)
  3 dart slugs
  3 leopard geckos
  5 orcs (D:3)
  2 giant cockroaches
  A goblin (D:1)
  7 hobgoblins
  4 jackals (D:3)
  9 kobolds
  2 quokkas (D:3)
  A ball python (D:3)
  4 bats
  3 frilled lizards
  4 rats (D:1)
56 creatures vanquished.

Notes
Turn   | Place    | Note
-------+----------+-------------------------------------------
     0 | D:1      | rumpelstilzz the Octopode Venom Mage began the quest for
                  | the Orb.
     0 | D:1      | Reached XP level 1. HP: 11/11 MP: 3/3
    96 | D:1      | Reached XP level 2. HP: 17/17 MP: 5/5
   447 | D:1      | Reached XP level 3. HP: 21/21 MP: 3/6
   895 | D:2      | Found a faded altar of an unknown god.
  1232 | D:2      | Got a serpentine glass ring
  1752 | D:2      | Learned a level 3 spell: Ignite Poison
  1805 | D:3      | Reached XP level 4. HP: 27/27 MP: 2/7
  1987 | D:3      | Identified the ring "Coaleol" {+Fly rElec MR+ Stlth-} (You
                  | found it on level 2 of the Dungeon)
  2005 | D:3      | Reached skill level 1 in Fighting
  2005 | D:3      | Reached XP level 5. HP: 27/33 MP: 3/8
  2087 | D:3      | Found a transporter.
  2087 | D:3      | Noticed zoran's ghost (amateur OpTm)
  2138 | D:3      | Found a transporter.
  2173 | D:3      | Reached skill level 1 in Unarmed Combat
  2508 | D:4      | Reached skill level 1 in Short Blades
  2508 | D:4      | Reached skill level 1 in Transmutations
  2604 | D:4      | Slain by a hound skeleton

Skill      XL: |  1  2  3  4  5 |
---------------+----------------+-----
Poison Magic   | 4 |  4.4
Fighting       | 1 |  1.4
Stealth        | 4 |  4.1
Unarmed Combat | 1 |  1.0
Short Blades   | 1 |  1.0
Transmutations | 1 |  1.0
Dodging        | |  2.7
Spellcasting   | |  2.7
Conjurations   | |  1.5
Fire Magic     | |  0.8

Action                   |  1- 3 |  4- 6 || total
-------------------------+-------+-------++-------
Melee: Unarmed           |    44 |       ||    44
       Tentacles         |    14 |     5 ||    19
       Constrict         |    12 |     7 ||    19
       Dagger            |    11 |    40 ||    51
 Cast: Sting             |     9 |    33 ||    42
       Ignite Poison     |     1 |     4 ||     5
 Stab: Sleeping          |    10 |       ||    10
  Eat: Chunk             |     4 |     5 ||     9
Armor: Skin              |     3 |       ||     3
Dodge: Dodged            |    30 |    57 ||    87
